 Dungeon Crawl Stone Soup version 0.23.2-33-g5129a83184 (webtiles) character file.

Game seed: 15698896465280288904

311 Acheron the Chopper (level 6, -12/37 HPs)
             Began as a Gargoyle Gladiator on July 16, 2019.
             Killed by divine providence
             ... invoked by an orc priest
              (14 damage)
             ... on level 4 of the Dungeon.
             The game lasted 00:10:44 (2571 turns).

Acheron the Chopper (Gargoyle Gladiator)            Turns: 2571, Time: 00:10:47

Health: -12/37     AC: 12    Str: 16 (18) XL:     6   Next: 42%
Magic:  9/9        EV: 10    Int:  5 (8)  God:
Gold:   71         SH:  0    Dex: 11 (13) Spells: 9/9 levels left

rFire    . . .     SeeInvis .   a - +0 war axe
rCold    . . .     Gourm    .   (no shield)
rNeg     + . .     Faith    .   s - +0 scale mail
rPois    ∞         Spirit   .   c - +0 helmet
rElec    +         Reflect  .   (no cloak)
rCorr    .         Harm     .   (no gloves)
MR       .....                  (no boots)
Stlth    +.........             (no amulet)
HPRegen  0.12/turn              (no ring)
MPRegen  0.11/turn              (no ring)

@: no status effects
A: negative energy resistance 1, electricity resistance, unbreathing,
petrification resistance, rot immunity, AC +4
a: no special abilities


You were on level 4 of the Dungeon.
You were not hungry.

You visited 1 branch of the dungeon, and saw 4 of its levels.

You collected 71 gold pieces.

Inventory:

Hand Weapons
 a - a +0 war axe (weapon)
 r - a +1 hand axe of chopping
 v - a +1 dagger of speed
Missiles
 d - 3 throwing nets (quivered)
 g - 109 stones
 n - 42 sling bullets
 u - 16 poisoned needles
Armour
 b - a +0 leather armour
 c - a +0 helmet (worn)
 s - a +0 scale mail (worn)
Jewellery
 j - a cursed -2 ring of intelligence {unknown}
Wands
 i - a wand of random effects (12)
Scrolls
 e - a scroll of teleportation
 k - a scroll of enchant armour {unknown}
 l - a scroll of identify {unknown}
 m - a scroll of remove curse {unknown}
 p - a scroll of immolation {unknown}
 t - a scroll of magic mapping
Potions
 o - a potion of curing {unknown}
Comestibles
 f - 4 rations
 h - a chunk of flesh


   Skills:
 * Level 3.3 Fighting
 + Level 4.1 Axes
 + Level 1.7 Throwing
 * Level 2.1 Armour
 * Level 2.9 Dodging
 * Level 2.6 Stealth
 * Level 2.1 Spellcasting


You had 9 spell levels left.
You didn't know any spells.
Your spell library was empty.

Dungeon Overview and Level Annotations

Branches:
Dungeon (4/15)
 Temple: D:4-7

Altars:


Innate Abilities, Weirdness & Mutations

You are resistant to torment.
Your stone body is resilient. (AC +4)
You are immune to poison.
You resist negative energy. (rN+)
You are resistant to electric shocks. (rElec)
You can survive without breathing.
You are immune to petrification.
You are immune to rotting.


Message History

The orc priest barely misses you.
The orc wizard hits you but does no damage.
The orc priest hits you but does no damage.
The orc priest invokes the aid of Beogh against you.
Pain shoots through your body!
* * * LOW HITPOINT WARNING * * *
The orc barely misses you. The orc completely misses you.
You hit the orc priest but do no damage.
The orc priest is almost dead.
You closely miss something. You hit the orc but do no damage. You hit the orc.
You closely miss the orc priest. You closely miss the orc wizard.
You barely miss the orc priest.
The orc wizard casts a spell.
The orc wizard blinks!
Something hits you.
* * * LOW HITPOINT WARNING * * *
The orc wizard closely misses you.
The orc priest hits you but does no damage.
The orc priest calls down the wrath of Beogh upon you.
Beogh smites you!
You die...

,,,,,,,,,,,,*,,,,*,,,,,,,,,,<*
**,,,,,,,,,,*,,,,*,,,,..,,,,,*
**,,,,,,,,,#####**,,,...,,,,,*
**,,,,,,,*##≈≈≈≈##*,?...,,,,,*
**,,,,,,*##≈≈≈≈≈≈###...#******
****,,,,,......≈≈......#
**,*,,,,,.......≈≈.....#
**,+,,,,,...≈≈..o†≈...o#
,,,*,,,,,..≈..≈o@o≈....#
,,,*,,,,,..≈..oooo.....# ####
,,,*,,,,,...≈≈⌠oo......#######...
,,,***,,,....⌠≈≈.............#...
,,,,,,,,,.≈≈....≈...)........#...
,,,,,,,,,≈..≈≈..§.†..........#...
,<,**,,,,≈....≈≈.............#...
,,,**,,,,.≈≈.................#...
,,,**,,,,..≈≈................####


You could see 3 orc priests, 2 orc wizards and 5 orcs.

Vanquished Creatures
  A jelly (D:3)
  An orc priest (D:4)
  Jessica (D:2)
  Ijyb (D:3)
  Terence (D:3)
  A worker ant (D:4)
  Robin (D:2)
  5 adders
  3 worms
  2 dart slugs
  3 leopard geckos
  2 orcs
  8 bats
  12 goblins
  11 hobgoblins
  8 jackals (D:1)
  A quokka (D:3)
  3 frilled lizards
  8 kobolds
  11 rats
84 creatures vanquished.

Notes
Turn   | Place    | Note
-------+----------+-------------------------------------------
     0 | D:1      | Acheron the Gargoyle Gladiator began the quest for the Orb.
     0 | D:1      | Reached XP level 1. HP: 12/12 MP: 1/1
   214 | D:1      | Reached XP level 2. HP: 17/17 MP: 1/3
   332 | D:1      | Reached skill level 3 in Axes
   399 | D:1      | Reached skill level 1 in Spellcasting
   674 | D:1      | Reached skill level 1 in Stealth
   674 | D:1      | Reached XP level 3. HP: 21/21 MP: 4/4
  1103 | D:2      | Noticed Jessica
  1122 | D:2      | Killed Jessica
  1122 | D:2      | Reached skill level 1 in Armour
  1122 | D:2      | Reached XP level 4. HP: 17/27 MP: 4/6
  1661 | D:3      | Reached XP level 5. HP: 25/32 MP: 7/7
  2096 | D:2      | Noticed Robin
  2133 | D:2      | Killed Robin
  2282 | D:3      | Noticed Ijyb
  2303 | D:3      | Killed Ijyb
  2349 | D:3      | Noticed Terence
  2358 | D:3      | Killed Terence
  2358 | D:3      | Reached XP level 6. HP: 31/37 MP: 7/9
  2554 | D:4      | Reached skill level 4 in Axes
  2571 | D:4      | Killed from afar by an orc priest

Skill      XL: |  1  2  3  4  5  6 |
---------------+-------------------+-----
Axes           | 3 4 |  4.1
Spellcasting   | 1 2 |  2.1
Stealth        | 1 2 |  2.6
Armour         | 1 2 |  2.1
Fighting       | 3 |  3.3
Throwing       | |  1.7
Dodging        | |  2.9

Action                   |  1- 3 |  4- 6 || total
-------------------------+-------+-------++-------
Melee: War axe           |   121 |   152 ||   273
  Use: Scroll            |       |     2 ||     2
       Potion            |       |     1 ||     1
 Stab: Sleeping          |       |     2 ||     2
  Eat: Chunk             |     1 |     5 ||     6
Armor: Leather armour    |    82 |    60 ||   142
       Scale mail        |       |    51 ||    51
Dodge: Dodged            |   130 |   137 ||   267
